TOP OF THE 1ST |
Trenton Stars batting - Pitching for Detroit X-Wings : RHP Joe Hopkins
|
Pitching: RHP Joe Hopkins
|
|
Batting: SHB Nick Marshall
|
0-0: DOUBLE (Line Drive, 9LM)
|
Batting: RHB Jesús Dávila
|
0-0: Ball 1-0: Called Strike 1-1: Fly out, F8 (Flyball, 89XD) Runner from 2nd tags up, SAFE at 3rd, no throw
|
Batting: RHB Ken McDonald
|
0-0: Foul Ball, location: 2F 0-1: DOUBLE (Flyball, 78D) Nick Marshall scores
|
Batting: LHB Ricardo Brandariz
|
0-0: Called Strike 0-1: Ball 1-1: Ball 2-1: Ball 3-1: Base on Balls
|
Batting: RHB Clancy Booker
|
0-0: 3-RUN HOME RUN (Flyball, 89XD), Distance : 415 ft
|
Batting: RHB Randy Simons
|
0-0: Ground out 1-3 (Groundball, 13)
|
Batting: RHB Rafael Canales
|
0-0: Ball 1-0: Foul Ball, location: 2F 1-1: Foul Ball, location: 2F 1-2: Ball 2-2: Foul Ball, location: 2F 2-2: SINGLE (Groundball, 6S) (infield hit)
|
Batting: RHB Aaron Washington
|
0-0: Called Strike 0-1: Reached on error, E4 (Line Drive, 4M) Rafael Canales to second
|
Batting: RHB Kenji Murayama
|
0-0: Foul Ball, location: 2F 0-1: Ball 1-1: Hit by Pitch Rafael Canales to third Aaron Washington to second
|
Batting: SHB Nick Marshall
|
0-0: Foul Ball, location: 2F 0-1: Foul Ball, location: 2F 0-2: Ball 1-2: Strikes out swinging
|
Top of the 1st over - 4 run(s), 4 hit(s), 1 error(s), 3 left on base; Trenton 4 - Detroit 0 |
BOTTOM OF THE 1ST |
Detroit X-Wings batting - Pitching for Trenton Stars : RHP Juan Vázquez
|
Pitching: RHP Juan Vázquez
|
|
Batting: RHB Júlio López
|
0-0: Ball 1-0: Ground out 4-3 (Groundball, 4)
|
Batting: RHB Gary Witt
|
0-0: Called Strike 0-1: Ball 1-1: Ball 2-1: SINGLE (Groundball, 6D)
|
Batting: RHB Robby Lewis
|
0-0: Called Strike 0-1: Fly out, F3 (Line Drive, 3)
|
Batting: RHB Keith Sims
|
0-0: Fielders Choice at 2nd, 5-4 (Groundball, 5L)
|
Bottom of the 1st over - 0 run(s), 1 hit(s), 0 error(s), 0 left on base; Trenton 4 - Detroit 0 |
TOP OF THE 2ND |
Trenton Stars batting - Pitching for Detroit X-Wings : RHP Joe Hopkins
|
Batting: RHB Jesús Dávila
|
0-0: Called Strike 0-1: Ground out 6-3 (Groundball, 6)
|
Batting: RHB Ken McDonald
|
0-0: Ball 1-0: Fly out, F9 (Line Drive, 9)
|
Batting: LHB Ricardo Brandariz
|
0-0: Called Strike 0-1: Ball 1-1: Fly out, F8 (Flyball, 8LM)
|
Top of the 2nd over - 0 run(s), 0 hit(s), 0 error(s), 0 left on base; Trenton 4 - Detroit 0 |
BOTTOM OF THE 2ND |
Detroit X-Wings batting - Pitching for Trenton Stars : RHP Juan Vázquez
|
Batting: RHB John Moore
|
0-0: Ball 1-0: Called Strike 1-1: Foul Ball, location: 2F 1-2: Strikes out looking
|
Batting: RHB Jaime Contreras
|
0-0: Called Strike 0-1: Ball 1-1: Fly out, F8 (Line Drive, 78M)
|
Batting: LHB Sergio Luna
|
0-0: Ball 1-0: SINGLE (Groundball, 6MD)
|
Batting: RHB Oliver Acevedo
|
0-0: Called Strike Pickoff Throw to First - Out!
|
Bottom of the 2nd over - 0 run(s), 1 hit(s), 0 error(s), 0 left on base; Trenton 4 - Detroit 0 |
TOP OF THE 3RD |
Trenton Stars batting - Pitching for Detroit X-Wings : RHP Joe Hopkins
|
Batting: RHB Clancy Booker
|
0-0: SINGLE (Groundball, 34D)
|
Batting: RHB Randy Simons
|
0-0: Swinging Strike 0-1: Ball 1-1: Ball 2-1: Foul Ball, location: 2F 2-2: Ball 3-2: SINGLE (Line Drive, 8LS) Clancy Booker to second
|
Batting: RHB Rafael Canales
|
0-0: Ball 1-0: Swinging Strike 1-1: Called Strike 1-2: Ball 2-2: Strikes out looking
|
Batting: RHB Aaron Washington
|
0-0: Ball 1-0: Grounds into double play, 6-4-3 (Groundball, 6)
|
Top of the 3rd over - 0 run(s), 2 hit(s), 0 error(s), 1 left on base; Trenton 4 - Detroit 0 |
BOTTOM OF THE 3RD |
Detroit X-Wings batting - Pitching for Trenton Stars : RHP Juan Vázquez
|
Batting: RHB Oliver Acevedo
|
0-0: Called Strike 0-1: Ball 1-1: Called Strike 1-2: Ground out 5-3 (Groundball, 25)
|
Batting: SHB Felipe Detorres
|
0-0: Fly out, F4 (Popup, 4)
|
Batting: RHB Júlio López
|
0-0: Called Strike 0-1: Ball 1-1: Ball 2-1: Ball 3-1: Base on Balls
|
Batting: RHB Gary Witt
|
0-0: Foul Ball, location: 2F 0-1: Called Strike 0-2: 2-RUN HOME RUN (Flyball, 8RD), Distance : 405 ft
|
Batting: RHB Robby Lewis
|
0-0: Fly out, F7 (Flyball, 7S)
|
Bottom of the 3rd over - 2 run(s), 1 hit(s), 0 error(s), 0 left on base; Trenton 4 - Detroit 2 |
TOP OF THE 4TH |
Trenton Stars batting - Pitching for Detroit X-Wings : RHP Joe Hopkins
|
Batting: RHB Kenji Murayama
|
0-0: Foul Ball, location: 2F 0-1: Hit by Pitch
|
Batting: SHB Nick Marshall
|
0-0: Swinging Strike 0-1: Fly out, F8 (Flyball, 89M)
|
Batting: RHB Jesús Dávila
|
0-0: Fly out, F9 (Flyball, 89S)
|
Batting: RHB Ken McDonald
|
0-0: Ball 1-0: Called Strike 1-1: Fly out, F6 (Popup, 6)
|
Top of the 4th over - 0 run(s), 0 hit(s), 0 error(s), 1 left on base; Trenton 4 - Detroit 2 |
BOTTOM OF THE 4TH |
Detroit X-Wings batting - Pitching for Trenton Stars : RHP Juan Vázquez
|
Batting: RHB Keith Sims
|
0-0: Called Strike 0-1: Fly out, F5 (Popup, 5S)
|
Batting: RHB John Moore
|
0-0: Ball 1-0: Ball 2-0: Swinging Strike 2-1: Foul Ball, location: 2F 2-2: Strikes out swinging
|
Batting: RHB Jaime Contreras
|
0-0: Ground out 4-3 (Groundball, 4)
|
Bottom of the 4th over - 0 run(s), 0 hit(s), 0 error(s), 0 left on base; Trenton 4 - Detroit 2 |
TOP OF THE 5TH |
Trenton Stars batting - Pitching for Detroit X-Wings : RHP Joe Hopkins
|
Batting: LHB Ricardo Brandariz
|
0-0: Called Strike 0-1: Called Strike 0-2: Strikes out swinging
|
Batting: RHB Clancy Booker
|
0-0: Called Strike 0-1: Swinging Strike 0-2: Foul Ball, location: 2F 0-2: SOLO HOME RUN (Line Drive, 9D), Distance : 384 ft
|
Batting: RHB Randy Simons
|
0-0: Ball 1-0: Foul Ball, location: 2F 1-1: Ball 2-1: Ball 3-1: Called Strike 3-2: Foul Ball, location: 2F 3-2: Ground out 6-3 (Groundball, 6)
|
Batting: RHB Rafael Canales
|
0-0: Called Strike 0-1: Ball 1-1: Ground out 5-3 (Groundball, 56)
|
Top of the 5th over - 1 run(s), 1 hit(s), 0 error(s), 0 left on base; Trenton 5 - Detroit 2 |
BOTTOM OF THE 5TH |
Detroit X-Wings batting - Pitching for Trenton Stars : RHP Juan Vázquez
|
Batting: LHB Sergio Luna
|
0-0: Called Strike 0-1: Foul Ball, location: 2F 0-2: Ground out 1-3 (Groundball, 13S)
|
Batting: RHB Oliver Acevedo
|
0-0: DOUBLE (Line Drive, 9LM)
|
Batting: SHB Felipe Detorres
|
0-0: Ball 1-0: SINGLE (Line Drive, 56D) Oliver Acevedo to third Runner from 3rd tries for Home, SAFE, no throw
|
Batting: RHB Júlio López
|
0-0: Ball 1-0: Called Strike 1-1: Fly out, F3 (Popup, 4S)
|
Batting: RHB Gary Witt
|
0-0: Called Strike 0-1: Ball 1-1: Ball 2-1: Foul Ball, location: 2F 2-2: Foul Ball, location: 2F 2-2: SINGLE (Flyball, 89S) Felipe Detorres to second Runner from 2nd tries for 3rd, SAFE, no throw
|
Batting: RHB Robby Lewis
|
0-0: Fly out, F9 (Flyball, 9)
|
Bottom of the 5th over - 1 run(s), 3 hit(s), 0 error(s), 2 left on base; Trenton 5 - Detroit 3 |
TOP OF THE 6TH |
Trenton Stars batting - Pitching for Detroit X-Wings : RHP Joe Hopkins
|
Batting: RHB Aaron Washington
|
0-0: Ground out 5-3 (Groundball, 5)
|
Batting: RHB Kenji Murayama
|
0-0: Ball 1-0: Foul Ball, location: 2F 1-1: Ball 2-1: Ground out 6-3 (Groundball, 6)
|
Batting: SHB Nick Marshall
|
0-0: Ball 1-0: Ground out 6-3 (Groundball, 6S)
|
Top of the 6th over - 0 run(s), 0 hit(s), 0 error(s), 0 left on base; Trenton 5 - Detroit 3 |
BOTTOM OF THE 6TH |
Detroit X-Wings batting - Pitching for Trenton Stars : RHP Juan Vázquez
|
Batting: RHB Keith Sims
|
0-0: Ball 1-0: Called Strike 1-1: Ground out 6-3 (Groundball, 6)
|
Batting: RHB John Moore
|
0-0: Ball 1-0: Swinging Strike 1-1: Foul Ball, location: 2F 1-2: Strikes out swinging
|
Batting: RHB Jaime Contreras
|
0-0: Ball 1-0: Ball 2-0: Called Strike 2-1: DOUBLE (Line Drive, 8LD)
|
Batting: LHB Sergio Luna
|
0-0: Foul Ball, location: 2F 0-1: Foul Ball, location: 2F 0-2: Ground out 4-3 (Groundball, 34)
|
Bottom of the 6th over - 0 run(s), 1 hit(s), 0 error(s), 1 left on base; Trenton 5 - Detroit 3 |
TOP OF THE 7TH |
Trenton Stars batting - Pitching for Detroit X-Wings : RHP Joe Hopkins
|
Batting: RHB Jesús Dávila
|
0-0: SINGLE (Groundball, 4MD)
|
Batting: RHB Ken McDonald
|
0-0: Fly out, F8 (Flyball, 8RM)
|
Batting: LHB Ricardo Brandariz
|
0-0: Swinging Strike 0-1: Foul Ball, location: 2F 0-2: Ball 1-2: Foul Ball, location: 2F 1-2: Ball 2-2: Strikes out swinging
|
Batting: RHB Clancy Booker
|
0-0: Ball 1-0: Ball 2-0: Ball 3-0: Swinging Strike 3-1: Base on Balls Jesús Dávila to second
|
Batting: RHB Randy Simons
|
0-0: Ball 1-0: Foul Ball, location: 2F 1-1: Ball 2-1: Foul Ball, location: 2F 2-2: Fly out, F8 (Flyball, 8LM)
|
Top of the 7th over - 0 run(s), 1 hit(s), 0 error(s), 2 left on base; Trenton 5 - Detroit 3 |
BOTTOM OF THE 7TH |
Detroit X-Wings batting - Pitching for Trenton Stars : RHP Juan Vázquez
|
Batting: RHB Oliver Acevedo
|
0-0: Swinging Strike 0-1: Ground out 4-3 (Groundball, 4M)
|
Batting: SHB Felipe Detorres
|
0-0: Ball 1-0: Swinging Strike 1-1: Swinging Strike 1-2: Strikes out swinging
|
Batting: RHB Júlio López
|
0-0: Ball 1-0: Called Strike 1-1: Ground out 3-1 (Groundball, 34S)
|
Bottom of the 7th over - 0 run(s), 0 hit(s), 0 error(s), 0 left on base; Trenton 5 - Detroit 3 |
TOP OF THE 8TH |
Trenton Stars batting - Pitching for Detroit X-Wings : RHP Joe Hopkins
|
Pitching: RHP Gerardo García
|
|
Batting: RHB Rafael Canales
|
0-0: Foul Ball, location: 2F 0-1: Ball 1-1: Ball 2-1: Ball 3-1: Base on Balls
|
Batting: RHB Aaron Washington
|
0-0: Ball 1-0: Sac Bunt - play at first, batter OUT! U3 Rafael Canales to second
|
Batting: RHB Kenji Murayama
|
0-0: Ball 1-0: Ball 2-0: Swinging Strike 2-1: Swinging Strike 2-2: Ball 3-2: Foul Ball, location: 2F 3-2: Foul Ball, location: 2F 3-2: Foul Ball, location: 2F 3-2: Fly out, F9 (Flyball, 89M)
|
Batting: SHB Nick Marshall
|
0-0: Fly out, F5 (Line Drive, 56)
|
Top of the 8th over - 0 run(s), 0 hit(s), 0 error(s), 1 left on base; Trenton 5 - Detroit 3 |
BOTTOM OF THE 8TH |
Detroit X-Wings batting - Pitching for Trenton Stars : RHP Juan Vázquez
|
Batting: RHB Gary Witt
|
0-0: Ball 1-0: Ball 2-0: Called Strike 2-1: Called Strike 2-2: Foul Ball, location: 2F 2-2: Ball 3-2: Foul Ball, location: 2F 3-2: Fly out, F8 (Flyball, 8LS)
|
Batting: RHB Robby Lewis
|
0-0: SOLO HOME RUN (Flyball, 9LD), Distance : 341 ft
|
Batting: RHB Keith Sims
|
0-0: Ball 1-0: Foul Ball, location: 2F 1-1: Foul Ball, location: 2F 1-2: Ball 2-2: Strikes out swinging
|
Batting: RHB John Moore
|
0-0: Ball 1-0: Called Strike 1-1: Swinging Strike 1-2: Strikes out swinging, 2-3 out at first.
|
Bottom of the 8th over - 1 run(s), 1 hit(s), 0 error(s), 0 left on base; Trenton 5 - Detroit 4 |
TOP OF THE 9TH |
Trenton Stars batting - Pitching for Detroit X-Wings : RHP Gerardo García
|
Pitching: RHP Charlie Alexander
|
|
Batting: RHB Jesús Dávila
|
0-0: Called Strike 0-1: Swinging Strike 0-2: Foul Ball, location: 2F 0-2: Ball 1-2: Strikes out swinging
|
Batting: RHB Ken McDonald
|
0-0: Called Strike 0-1: Foul Ball, location: 2F 0-2: Foul Ball, location: 2F 0-2: Strikes out looking
|
Batting: LHB Ricardo Brandariz
|
0-0: Called Strike 0-1: Ground out 6-3 (Groundball, 6MD)
|
Top of the 9th over - 0 run(s), 0 hit(s), 0 error(s), 0 left on base; Trenton 5 - Detroit 4 |
BOTTOM OF THE 9TH |
Detroit X-Wings batting - Pitching for Trenton Stars : RHP Juan Vázquez
|
Pitching: RHP Denver Gallegos
|
|
Pinch Hitting: LHB Juan Jose Pineda
|
0-0: Ball 1-0: Ball 2-0: Swinging Strike 2-1: Ball 3-1: Base on Balls
|
Batting: LHB Sergio Luna
|
0-0: Sac Bunt - play at first, batter OUT! 5-4 Juan Jose Pineda to second
|
Pinch Hitting: LHB Paul Alston
|
0-0: Called Strike 0-1: Ball 1-1: Fly out, F8 (Flyball, 8RM)
|
Batting: SHB Felipe Detorres
|
0-0: SINGLE (Line Drive, 78S) Juan Jose Pineda to third Runner from 3rd tries for Home, SAFE, no throw
|
Batting: RHB Júlio López
|
0-0: Ball 1-0: Foul Ball, location: 2F 1-1: Called Strike 1-2: Ball 2-2: Fly out, F8 (Flyball, 8LD)
|
Bottom of the 9th over - 1 run(s), 1 hit(s), 0 error(s), 1 left on base; Trenton 5 - Detroit 5 |
TOP OF THE 10TH |
Trenton Stars batting - Pitching for Detroit X-Wings : RHP Charlie Alexander
|
Now at C: Carlos Aguirre
|
|
Now in CF: Juan Jose Pineda
|
|
Batting: RHB Clancy Booker
|
0-0: Ball 1-0: Swinging Strike 1-1: Fly out, F9 (Line Drive, 9)
|
Batting: RHB Randy Simons
|
0-0: TRIPLE (Line Drive, 89S)
|
Batting: RHB Rafael Canales
|
0-0: Ball 1-0: Foul Ball, location: 2F 1-1: Called Strike 1-2: Ball 2-2: Ball 3-2: Strikes out swinging
|
Batting: RHB Aaron Washington
|
0-0: Called Strike 0-1: Ground out 3-1 (Groundball, 34)
|
Top of the 10th over - 0 run(s), 1 hit(s), 0 error(s), 1 left on base; Trenton 5 - Detroit 5 |
BOTTOM OF THE 10TH |
Detroit X-Wings batting - Pitching for Trenton Stars : RHP Denver Gallegos
|
Batting: RHB Gary Witt
|
0-0: Ball 1-0: Called Strike 1-1: Ball 2-1: Ball 3-1: Base on Balls
|
Batting: RHB Robby Lewis
|
0-0: Ball 1-0: Foul Ball, location: 2F 1-1: Ball 2-1: Swinging Strike 2-2: Strikes out looking
|
Batting: RHB Keith Sims
|
0-0: Foul Ball, location: 2F 0-1: Ball 1-1: Foul Ball, location: 2F 1-2: Fielders Choice at 2nd, 6-4 (Groundball, 6)
|
Batting: RHB John Moore
|
0-0: Ground out 1-3 (Groundball, P)
|
Bottom of the 10th over - 0 run(s), 0 hit(s), 0 error(s), 1 left on base; Trenton 5 - Detroit 5 |
TOP OF THE 11TH |
Trenton Stars batting - Pitching for Detroit X-Wings : RHP Charlie Alexander
|
Pitching: LHP Richard Dorris
|
|
Batting: RHB Kenji Murayama
|
0-0: Ball 1-0: Ball 2-0: Called Strike 2-1: Foul Ball, location: 2F 2-2: Ball 3-2: Base on Balls
|
Batting: SHB Nick Marshall
|
0-0: Ball 1-0: Ball 2-0: Ball Wild Pitch! Kenji Murayama to second 3-0: Base on Balls
|
Batting: RHB Jesús Dávila
|
0-0: Foul Ball, location: 2F 0-1: SINGLE (Groundball, 4MD) Kenji Murayama to third Nick Marshall to second Runner from 3rd tries for Home, throw and OUT! Nick Marshall to third Jesús Dávila to second
|
Batting: RHB Ken McDonald
|
0-0: Intentional Walk
|
Batting: LHB Ricardo Brandariz
|
0-0: Ball 1-0: Called Strike 1-1: Ball 2-1: Ball 3-1: Base on Balls Nick Marshall scores Jesús Dávila to third Ken McDonald to second
|
Batting: RHB Clancy Booker
|
0-0: Ball 1-0: Ball 2-0: Called Strike 2-1: Ball Wild Pitch! Jesús Dávila scores Ken McDonald to third Ricardo Brandariz to second 3-1: 3-RUN HOME RUN (Flyball, 89XD), Distance : 416 ft
|
Pitching: LHP Javier Duarte
|
|
Batting: RHB Randy Simons
|
0-0: Called Strike 0-1: Ball 1-1: Foul Ball, location: 2F 1-2: Foul Ball, location: 2F 1-2: SINGLE (Groundball, 6D)
|
Batting: RHB Rafael Canales
|
0-0: Ball 1-0: Swinging Strike 1-1: Foul Ball, location: 2F 1-2: Strikes out swinging
|
Batting: RHB Aaron Washington
|
0-0: Ball 1-0: Swinging Strike 1-1: Fielders Choice at 2nd, 6-4 (Groundball, 6)
|
Top of the 11th over - 5 run(s), 3 hit(s), 0 error(s), 0 left on base; Trenton 10 - Detroit 5 |
BOTTOM OF THE 11TH |
Detroit X-Wings batting - Pitching for Trenton Stars : RHP Denver Gallegos
|
Pitching: RHP Gilberto Martínez
|
|
Batting: LHB Juan Jose Pineda
|
0-0: Called Strike 0-1: DOUBLE (Flyball, 78XD)
|
Batting: LHB Sergio Luna
|
0-0: Ball 1-0: Ball 2-0: Called Strike 2-1: Foul Ball, location: 2F 2-2: Foul Ball, location: 2F 2-2: Ball 3-2: Base on Balls
|
Batting: RHB Carlos Aguirre
|
0-0: Ball 1-0: Called Strike 1-1: Called Strike 1-2: Strikes out looking
|
Batting: SHB Felipe Detorres
|
0-0: Ball 1-0: Grounds into double play, 3-6-3 (Groundball, 34)
|
Bottom of the 11th over - 0 run(s), 1 hit(s), 0 error(s), 1 left on base; Trenton 10 - Detroit 5 |
|